 Dungeon Crawl Stone Soup version 0.28-a0-768-g8c92f1e708 (webtiles) character file.

Game seed: 961715286723179617

20022 Gargoyl the Fighter (level 12, 0/97 HPs)
             Began as a Gnoll Abyssal Knight on Oct 31, 2021.
             Was an Elder of Lugonu.
             Slain by a death knight (17 damage)
             ... on level 11 of the Dungeon.
             The game lasted 00:16:41 (9403 turns).

Gargoyl the Fighter (Gnoll Abyssal Knight)          Turns: 9403, Time: 00:16:41

Health: 0/97       AC: 31    Str: 19    XL:     12   Next: 75%
Magic:  33/33      EV: 10    Int: 21    God:    Lugonu [****..]
Gold:   225        SH:  0    Dex: 13    Spells: 26/26 levels left

rFire   . . .      SeeInvis +   B - +3 broad axe (venom)
rCold   . . .      Faith    .   (no shield)
rNeg    . . .      Spirit   .   m - +11 chain mail of Recklessness {Int+4}
rPois   .          Reflect  .   L - +3 hat of Pondering {ponderous, Will+ MP+10 Int+5}
rElec   .          Harm     .   i - +0 cloak
rCorr   .          Rampage  +   x - +0 pair of gloves {archery}
Will    ++...                   k - +2 pair of boots {rampage}
Stlth   ++........              (no amulet)
HPRegen 1.26/turn               f - ring of see invisible
MPRegen 0.23/turn               t - ring of flight

@: flying, slowed, very slow
A: fangs 1, strong nose, distributed training, camouflage 1, clever 1,
strong-willed 1, regeneration 1, strong 1
a: Renounce Religion, Depart the Abyss, Bend Space, Banish, Corrupt


You were on level 11 of the Dungeon.
You worshipped Lugonu.
Lugonu was greatly pleased with you.
You visited 1 branch of the dungeon, and saw 11 of its levels.
You visited the Abyss 1 time.

You collected 753 gold pieces.
You spent 528 gold pieces at shops.

Inventory:

Hand Weapons
 a - a +1 hand axe
 j - the +7 dagger of Prudence {venom, Str+2}
   (You found it on level 4 of the Dungeon)

   It poisons the flesh of those it strikes.
   Str:       It affects your strength (+2).
 u - a +0 hand axe of electrocution
 B - a +3 broad axe of venom (weapon)
 E - a +1 scimitar of flaming
Missiles
 D - 2 throwing nets
 K - 5 poisoned darts (quivered)
Armour
 i - a +0 cloak (worn)
 k - a +2 pair of boots of rampaging (worn)
 m - the +11 chain mail of Recklessness (worn) {Int+4}
   (You bought it in a shop on level 3 of the Dungeon)

   Int:       It affects your intelligence (+4).
 x - a +0 pair of gloves of archery (worn)
 L - the +3 hat of Pondering (worn) {ponderous, Will+ MP+10 Int+5}
   (You took it off Gastronok on level 11 of the Dungeon)

   Int:       It affects your intelligence (+5).
   MP:        It affects your magic capacity (+10).
   Will:      It increases your willpower.
Jewellery
 f - a ring of see invisible (left hand)
 t - a ring of flight (right hand)
 z - an amulet of guardian spirit
Wands
 c - a wand of iceblast (11)
 o - a wand of mindburst (21)
 q - a wand of polymorph (7)
 s - a wand of paralysis (16)
 v - a wand of flame (21)
 w - a wand of acid (17)
 y - a wand of digging (4)
Scrolls
 e - 3 scrolls of identify
 n - 3 scrolls of magic mapping
 p - 2 scrolls of blinking
 C - a scroll of enchant armour
 F - 2 scrolls of fear
 J - a scroll of noise {unknown}
Potions
 b - 2 potions of flight
 d - a potion of mutation
 g - 5 potions of heal wounds
 h - 6 potions of degeneration
 l - 4 potions of curing
 r - 5 potions of brilliance
 A - a potion of attraction {unknown}
 G - 2 potions of ambrosia {unknown}
 H - 2 potions of haste
 I - a potion of invisibility {unknown}


   Skills:
 + Level 10.1 Fighting
 + Level 7.6 Short Blades
 + Level 7.6 Long Blades
 + Level 8.9 Axes
 + Level 7.6 Maces & Flails
 + Level 7.6 Polearms
 + Level 7.6 Staves
 + Level 7.6 Slings
 + Level 7.6 Bows
 + Level 7.6 Crossbows
 + Level 7.6 Throwing
 + Level 8.9 Armour
 + Level 8.0 Dodging
 + Level 7.6 Stealth
 + Level 7.6 Shields
 + Level 7.6 Unarmed Combat
 + Level 7.6 Spellcasting
 + Level 6.3 Conjurations
 + Level 6.3 Hexes
 + Level 6.3 Summonings
 + Level 6.3 Necromancy
 + Level 6.3 Translocations
 + Level 6.3 Transmutations
 + Level 6.3 Fire Magic
 + Level 6.3 Ice Magic
 + Level 6.3 Air Magic
 + Level 6.3 Earth Magic
 + Level 6.3 Poison Magic
 + Level 9.5 Invocations
 + Level 7.6 Evocations


You had 26 spell levels left.
You didn't know any spells.
Your spell library contained the following spells:

 Spells                   Type           Power      Damage    Failure   Level
 Freeze                   Ice            100%       1d11      5%          1
 Magic Dart               Conj           100%       1d8       5%          1
 Sandblast                Erth           68%        2d15      5%          1
 Call Imp                 Summ           34%        N/A       8%          2
 Passwall                 Tmut/Erth      28%        N/A       8%          2
 Static Discharge         Conj/Air       34%        N/A       8%          2
 Dazzling Flash           Conj/Hex       68%        N/A       16%         3
 Frozen Ramparts          Ice            68%        1d8       16%         3
 Mephitic Cloud           Conj/Pois/Air  34%        N/A       16%         3
 Stone Arrow              Conj/Erth      68%        3d11      16%         3
 Animate Dead             Necr           17%        N/A       45%         4
 Dispel Undead            Necr           34%        3d15      45%         4
 Hailstorm                Conj/Ice       34%        3d9       45%         4
 Sticky Flame             Conj/Fire      34%        2d5       45%         4
 Agony                    Necr           34%        N/A       82%         5
 Borgnjor's Vile Clutch   Necr/Erth      17%        N/A       82%         5
 Silence                  Hex/Air        17%        N/A       82%         5
 Death Channel            Necr           17%        N/A       100%        6
 Haunt                    Necr/Summ      17%        N/A       100%        7
 Infestation              Necr           17%        N/A       100%        8


Dungeon Overview and Level Annotations

Branches:
Dungeon (11/15)            Temple (0/1) D:4            Lair (0/6) D:11
    Orc (0/2) D:10

Altars:
Ashenzari
Cheibriados
Kikubaaqudgha
Makhleb
Okawaru
Sif Muna
Uskayaw
Wu Jian
Xom
Zin
The Shining One

Shops:
D:3 [   D:8 (   D:9 [


Innate Abilities, Weirdness & Mutations

You have very sharp teeth.
Your uncanny sense of smell can sniff out nearby items.
Your experience applies equally to all skills.
Your skin changes colour to match your surroundings (Stealth+).
Your mind is acute. (Int +2)
You are strong-willed. (Will+)
Your natural rate of healing is unusually fast.
Your muscles are strong. (Str +2)


Message History

The freezing wraith closely misses you.
The freezing wraith hits you but does no damage.
The death knight hits you but does no damage.
Unknown command.
You hit the freezing wraith but do no damage.
The freezing wraith is heavily damaged.
The freezing wraith barely misses you. x2
The death knight hits you but does no damage.
The death knight closely misses you.
The freezing wraith hits you but does no damage. x2
You slash the freezing wraith!
The freezing wraith is severely damaged.
The death knight's dark mirror aura disappears.
The freezing wraith barely misses you. The freezing wraith hits you.
The death knight hits you from afar with a +2 glaive!!
The death knight hits you from afar with a +2 glaive!
The freezing wraith closely misses you.
The freezing wraith hits you but does no damage.
You hit the freezing wraith.
The freezing wraith is almost destroyed.
The freezing wraith hits you. The freezing wraith freezes you!
* * * LOW HITPOINT WARNING * * *
The freezing wraith barely misses you.
The death knight hits you from afar with a +2 glaive.
* * * LOW HITPOINT WARNING * * *
The death knight hits you from afar with a +2 glaive.
* * * LOW HITPOINT WARNING * * *
The freezing wraith barely misses you.
The freezing wraith hits you but does no damage.
You slash the freezing wraith!
You destroy the freezing wraith!
Lugonu accepts your kill.
The killer bee stings you but does no damage.
The killer bee closely misses you.
The death knight hits you from afar with a +2 glaive.
* * * LOW HITPOINT WARNING * * *
The killer bee stings you but does no damage.
The killer bee stings you but does no damage.
The death knight hits you from afar with a +2 glaive!
You die...

##........###..........
#.......# #...........
##......# #...........
##....## #...........
##...# ##..........
#.W## ##.........
##p#### ###.......
###y...### ##.....#
##..@.....## ###..##
#..........### ####
##............##
#...............
#...............
#.............≈≈≈≈
#............≈≈≈≈≈≈≈.
#.....≈.≈..≈≈≈≈≈≈≈≈≈≈..
.........≈.≈≈≈≈≈≈≈≈≈≈≈≈


You could see a death knight, a freezing wraith and a killer bee.

Vanquished Creatures
  Gastronok (D:11)
  Harold (D:9)
  A boulder beetle (D:10)
  5 two-headed ogres
  A centaur warrior (D:10)
  Erica (D:10)
  Urug (D:10)
  An orc knight (D:10)
  Pikel (D:5)
  2 deep elf pyromancers (D:10)
  A phantasmal warrior (D:10)
  2 ugly things (D:10)
  A cyclops (D:10)
  A manticore (D:11)
  Maurice (D:8)
  2 unseen horrors (D:10)
  A freezing wraith (D:11)
  A komodo dragon (shapeshifter) (D:10)
  Psyche (D:8)
  2 komodo dragons
  A troll (D:10)
  A hornet (D:6)
  Grinder (D:3)
  Sigmund (D:3)
  A shadow (D:11)
  2 wraiths
  A wyvern (shapeshifter) (D:10)
  4 wyverns
  A basilisk (D:10)
  2 steam dragons
  A large abomination (Abyss:3)
  2 water moccasins
  2 acid dragons
  5 orc warriors
  2 ice beasts
  An ogre (D:6)
  2 black bears
  6 centaurs
  3 wolves (D:10)
  A lemure (D:5)
  2 phantoms
  A kobold brigand (D:11)
  A bullfrog (D:9)
  4 scorpions
  10 killer bees
  5 wights
  3 electric eels (D:11)
  3 centaur zombies
  A centaur skeleton (D:7)
  4 hounds
  5 orc priests
  3 jellies
  3 iron imps (D:7)
  Jessica (D:3)
  Terence (D:3)
  6 orc wizards
  2 killer bee zombies
  A howler monkey zombie (D:6)
  8 gnolls
  8 adders
  A white imp (D:7)
  An ufetubus (D:6)
  2 worms (D:2)
  2 dart slugs
  22 orcs
  4 ball pythons
  3 endoplasms
  A giant cockroach (D:2)
  6 goblins
  5 hobgoblins
  4 kobolds
  5 quokkas
  3 bats
  3 frilled lizards
  5 rats
207 creatures vanquished.

Vanquished Creatures (others)
  A deep elf pyromancer (D:7)
  A plant (D:1)
2 creatures vanquished.

Grand Total: 209 creatures vanquished

Notes
Turn   | Place    | Note
-------+----------+-------------------------------------------
     0 | Abyss:1  | Gargoyl the Gnoll Abyssal Knight began the quest for the
                  | Orb.
     0 | Abyss:1  | Reached XP level 1. HP: 23/23 MP: 3/3
    72 | Abyss:3  | Noticed a large abomination
    73 | Abyss:3  | Noticed a large abomination
    77 | Abyss:3  | Gained mutation: Your muscles are strong. (Str +2) [potion
                  | of mutation]
    77 | Abyss:3  | Gained mutation: You have hidden genetic potential. [potion
                  | of mutation]
    77 | Abyss:3  | Gained mutation: Your natural rate of healing is unusually
                  | fast. [potion of mutation]
    94 | Abyss:3  | Noticed a small abomination
   124 | Abyss:3  | Killed a large abomination
   125 | Abyss:3  | Reached skill level 1 in Short Blades
   125 | Abyss:3  | Reached skill level 1 in Long Blades
   125 | Abyss:3  | Reached skill level 1 in Maces & Flails
   125 | Abyss:3  | Reached skill level 1 in Polearms
   125 | Abyss:3  | Reached skill level 1 in Staves
   125 | Abyss:3  | Reached skill level 1 in Slings
   125 | Abyss:3  | Reached skill level 1 in Bows
   125 | Abyss:3  | Reached skill level 1 in Crossbows
   125 | Abyss:3  | Reached skill level 1 in Throwing
   125 | Abyss:3  | Reached skill level 1 in Stealth
   125 | Abyss:3  | Reached skill level 1 in Shields
   125 | Abyss:3  | Reached skill level 1 in Unarmed Combat
   125 | Abyss:3  | Reached skill level 1 in Spellcasting
   125 | Abyss:3  | Reached skill level 1 in Conjurations
   125 | Abyss:3  | Reached skill level 1 in Hexes
   125 | Abyss:3  | Reached skill level 1 in Summonings
   125 | Abyss:3  | Reached skill level 1 in Necromancy
   125 | Abyss:3  | Reached skill level 1 in Translocations
   125 | Abyss:3  | Reached skill level 1 in Transmutations
   125 | Abyss:3  | Reached skill level 1 in Fire Magic
   125 | Abyss:3  | Reached skill level 1 in Ice Magic
   125 | Abyss:3  | Reached skill level 1 in Air Magic
   125 | Abyss:3  | Reached skill level 1 in Earth Magic
   125 | Abyss:3  | Reached skill level 1 in Poison Magic
   125 | Abyss:3  | Reached skill level 1 in Evocations
   125 | Abyss:3  | Reached XP level 2. HP: 29/29 MP: 5/5
   125 | Abyss:3  | Reached XP level 3. HP: 35/35 MP: 6/6
   125 | Abyss:3  | Reached XP level 4. HP: 41/41 MP: 7/7
   125 | Abyss:3  | Reached XP level 5. HP: 47/47 MP: 8/8
   125 | D:1      | Escaped the Abyss
   151 | D:1      | Gained mutation: You are strong-willed. (Will+) [hidden
                  | potential]
   387 | D:1      | Reached * piety under Lugonu
   743 | D:1      | Found a faded altar of an unknown god.
  1761 | D:3      | Noticed Sigmund
  1780 | D:3      | Killed Sigmund
  1781 | D:3      | Reached skill level 5 in Axes
  1781 | D:3      | Reached skill level 5 in Armour
  1781 | D:3      | Reached skill level 5 in Invocations
  1781 | D:3      | Reached XP level 6. HP: 47/53 MP: 9/9
  1789 | D:3      | Gained mutation: You have great hidden genetic potential.
                  | [hidden potential]
  1789 | D:3      | Lost mutation: You have great hidden genetic potential.
                  | [hidden potential expressed]
  1790 | D:3      | Noticed Terence
  1804 | D:3      | Killed Terence
  1818 | D:3      | Found an ornate altar of the Wu Jian Council.
  1895 | D:3      | Found Hait Poe's Antique Armour Emporium.
  1933 | D:3      | Bought a scorched chain mail for 161 gold pieces
  1933 | D:3      | Identified the +11 chain mail of Recklessness {Int+4} (You
                  | bought it in a shop on level 3 of the Dungeon)
  1966 | D:3      | Reached XP level 7. HP: 59/59 MP: 10/10
  2083 | D:3      | Noticed Jessica
  2092 | D:3      | Killed Jessica
  2402 | D:4      | Noticed Grinder
  2430 | D:3      | Killed Grinder
  2431 | D:3      | Reached skill level 7 in Fighting
  2455 | D:4      | Gained mutation: Your mind is acute. (Int +2) [hidden
                  | potential]
  2488 | D:4      | Found an iron altar of Okawaru.
  2610 | D:4      | Identified the +7 dagger of Prudence {venom, Str+2}
  2767 | D:4      | Found a staircase to the Ecumenical Temple.
  2775 | D:4      | Reached ** piety under Lugonu
  2934 | D:4      | Reached XP level 8. HP: 67/67 MP: 12/12
  3198 | D:5      | Entered Level 5 of the Dungeon
  3269 | D:5      | Noticed Pikel
  3292 | D:5      | Killed Pikel
  3318 | D:5      | Gained mutation: Your skin changes colour to match your
                  | surroundings (Stealth+). [hidden potential]
  3318 | D:5      | Lost mutation: You have hidden genetic potential. [hidden
                  | potential expressed]
  3400 | D:5      | Noticed a +0 dagger
  3400 | D:5      | Noticed a +0 dagger
  3401 | D:5      | Found a hide-covered altar of Uskayaw.
  4076 | D:6      | Reached XP level 9. HP: 68/73 MP: 14/14
  4573 | D:7      | Noticed a hornet
  4584 | D:6      | Killed a hornet
  4585 | D:6      | Reached skill level 5 in Dodging
  4771 | D:7      | Found a glowing silver altar of Zin.
  4771 | D:7      | Noticed an angel
  4822 | D:7      | Reached skill level 8 in Fighting
  4862 | D:7      | Noticed a deep elf pyromancer
  4874 | D:7      | HP: 3/74 [deep elf pyromancer/bolt of fire (22)]
  4879 | D:7      | Killed a deep elf pyromancer
  4995 | D:7      | Reached XP level 10. HP: 80/80 MP: 17/17
  5124 | D:7      | Found a shimmering altar of Xom.
  5146 | D:7      | Found a shimmering blue altar of Sif Muna.
  5150 | D:7      | You are sucked into a shaft and drop 2 floors!
  5255 | D:9      | Reached skill level 5 in Short Blades
  5255 | D:9      | Reached skill level 5 in Long Blades
  5255 | D:9      | Reached skill level 5 in Maces & Flails
  5255 | D:9      | Reached skill level 5 in Polearms
  5255 | D:9      | Reached skill level 5 in Staves
  5255 | D:9      | Reached skill level 5 in Slings
  5255 | D:9      | Reached skill level 5 in Bows
  5255 | D:9      | Reached skill level 5 in Crossbows
  5255 | D:9      | Reached skill level 5 in Throwing
  5255 | D:9      | Reached skill level 5 in Stealth
  5255 | D:9      | Reached skill level 5 in Shields
  5255 | D:9      | Reached skill level 5 in Unarmed Combat
  5255 | D:9      | Reached skill level 5 in Spellcasting
  5255 | D:9      | Reached skill level 5 in Evocations
  5288 | D:9      | Reached *** piety under Lugonu
  5336 | D:9      | Found Xiux's Armour Shoppe.
  5389 | D:9      | Bought a +0 pair of gloves of archery for 149 gold pieces
  5486 | D:8      | Found a broken altar of Ashenzari.
  5638 | D:7      | Found a burning altar of Makhleb.
  5940 | D:8      | Found a glowing golden altar of the Shining One.
  5978 | D:8      | Noticed Maurice
  5990 | D:8      | Killed Maurice
  6015 | D:8      | Found Leosma's Weapon Shop.
  6020 | D:8      | Bought a +3 broad axe of venom for 218 gold pieces
  6086 | D:8      | Noticed a two-headed ogre
  6102 | D:8      | Killed a two-headed ogre
  6151 | D:8      | Noticed Psyche
  6158 | D:8      | Killed Psyche
  6314 | D:8      | Noticed a two-headed ogre
  6324 | D:8      | Killed a two-headed ogre
  6325 | D:8      | Reached XP level 11. HP: 77/87 MP: 19/19
  6505 | D:9      | Noticed Harold
  6532 | D:9      | Killed Harold
  6533 | D:9      | Reached skill level 9 in Fighting
  6533 | D:9      | Reached skill level 5 in Conjurations
  6533 | D:9      | Reached skill level 5 in Hexes
  6533 | D:9      | Reached skill level 5 in Summonings
  6533 | D:9      | Reached skill level 5 in Necromancy
  6533 | D:9      | Reached skill level 5 in Translocations
  6533 | D:9      | Reached skill level 5 in Transmutations
  6533 | D:9      | Reached skill level 5 in Fire Magic
  6533 | D:9      | Reached skill level 5 in Ice Magic
  6533 | D:9      | Reached skill level 5 in Air Magic
  6533 | D:9      | Reached skill level 5 in Earth Magic
  6533 | D:9      | Reached skill level 5 in Poison Magic
  6847 | D:9      | Found a snail-covered altar of Cheibriados.
  6940 | D:10     | Entered Level 10 of the Dungeon
  6940 | D:10     | Noticed Erica
  6940 | D:10     | Found an ancient bone altar of Kikubaaqudgha.
  6956 | D:10     | Killed Erica
  7009 | D:10     | Noticed a two-headed ogre
  7040 | D:10     | Killed a two-headed ogre
  7126 | D:10     | Noticed a deep elf pyromancer
  7136 | D:10     | Killed a deep elf pyromancer
  7157 | D:10     | Noticed a two-headed ogre
  7202 | D:10     | Killed a two-headed ogre
  7262 | D:10     | Noticed an orc knight
  7285 | D:10     | Killed an orc knight
  7307 | D:10     | Reached **** piety under Lugonu
  7320 | D:10     | Noticed a cyclops
  7353 | D:10     | Killed a cyclops
  7379 | D:10     | Noticed a purple ugly thing
  7379 | D:10     | Noticed a boulder beetle
  7397 | D:10     | Killed a purple ugly thing
  7417 | D:10     | Killed a boulder beetle
  7458 | D:10     | Noticed a brown ugly thing
  7459 | D:10     | Noticed a centaur warrior
  7474 | D:10     | Killed a brown ugly thing
  7475 | D:10     | Reached XP level 12. HP: 52/96 MP: 22/22
  7497 | D:10     | Killed a centaur warrior
  7613 | D:10     | Identified a scroll of acquirement
  7613 | D:10     | Acquired the +10 hand crossbow "Eroek" {elec, rElec rN+}
  7775 | D:10     | Found a staircase to the Orcish Mines.
  7943 | D:10     | Noticed a two-headed ogre
  7959 | D:10     | Killed a two-headed ogre
  8847 | D:11     | Noticed Urug
  8970 | D:10     | Killed Urug
  9078 | D:11     | Found a staircase to the Lair.
  9088 | D:11     | Reached skill level 10 in Fighting
  9181 | D:11     | Noticed Gastronok
  9258 | D:11     | Killed Gastronok
  9369 | D:11     | Noticed a death knight
  9403 | D:11     | Slain by a death knight

Illustrated notes

Levels and vault maps discovered:
D:1:      dpeg_arrival_shelter, layout_basic, ebering_ecumenical_altar_ruins,
          minmay_misc_feat_plants
D:2:      layout_basic
D:3:      layout_loops_ring, pdpol_wu_jian_five_deadly_venoms, serial_shops,
          shop, patterned_corridor, uniq_jessica, uniq_terence, uniq_sigmund
D:4:      layout_basic, okawaru_metal_pillars_1_2,
          minmay_temple_entry_proselytizer, hangedman_decor_lopped,
          kennysheep_generic_room_9, uniq_grinder
D:5:      layout_basic, dancing_weapons_uskayaw, minmay_stone_trees_medium,
          chequers_serial_rivers_large_b, kennysheep_boxes, uniq_pikel
D:6:      layout_cave_pools, chequers_mini_garden, st_stairs_3
D:7:      layout_rooms, zin_angel, mainiacjoe_overflow_catch_the_wave,
          demons_altar, minmay_three_doors
D:8:      layout_gridville, cheibrodos_ashenzari_chains,
          nicolae_tso_carved_into_rock, serial_shops, kennysheep_little_box,
          grunt_decor_fettered, solitary_fountain, uniq_psyche, uniq_maurice
D:9:      layout_gridville, cheibriados_altar_1, serial_shops,
          nicolae_stop_n_shop_2, uniq_harold
D:10:     minmay_the_grid_3x2 [minmay_the_grid_broken_lines,
          minmay_the_grid_outer_circle, minmay_the_grid_zigzag_pyramid,
          minmay_the_grid_tree, minmay_the_grid_box_x,
          minmay_the_grid_prize_four_corners], layout_stronghold,
          nicolae_kikubaaqudgha_miasma_corner, orc_0_dummy, uniq_erica
D:11:     layout_cave_pods, erik_lair_island, minivault_7, uniq_gastronok,
          uniq_urug

Skill      XL: |  1  2  3  4  5  6  7  8  9 10 11 12 |
---------------+-------------------------------------+-----
Short Blades   | 1 2 3 4 5 6 7 |  7.6
Long Blades    | 1 2 3 4 5 6 7 |  7.6
Maces & Flails | 1 2 3 4 5 6 7 |  7.6
Polearms       | 1 2 3 4 5 6 7 |  7.6
Staves         | 1 2 3 4 5 6 7 |  7.6
Slings         | 1 2 3 4 5 6 7 |  7.6
Bows           | 1 2 3 4 5 6 7 |  7.6
Crossbows      | 1 2 3 4 5 6 7 |  7.6
Throwing       | 1 2 3 4 5 6 7 |  7.6
Stealth        | 1 2 3 4 5 6 7 |  7.6
Shields        | 1 2 3 4 5 6 7 |  7.6
Unarmed Combat | 1 2 3 4 5 6 7 |  7.6
Spellcasting   | 1 2 3 4 5 6 7 |  7.6
Conjurations   | 1 2 3 4 5 6 |  6.3
Hexes          | 1 2 3 4 5 6 |  6.3
Summonings     | 1 2 3 4 5 6 |  6.3
Necromancy     | 1 2 3 4 5 6 |  6.3
Translocations | 1 2 3 4 5 6 |  6.3
Transmutations | 1 2 3 4 5 6 |  6.3
Fire Magic     | 1 2 3 4 5 6 |  6.3
Ice Magic      | 1 2 3 4 5 6 |  6.3
Air Magic      | 1 2 3 4 5 6 |  6.3
Earth Magic    | 1 2 3 4 5 6 |  6.3
Poison Magic   | 1 2 3 4 5 6 |  6.3
Evocations     | 1 2 3 4 5 6 7 |  7.6
Dodging        | 3 4 5 6 7 8 |  8.0
Axes           | 5 6 7 8 |  8.9
Armour         | 5 6 7 8 |  8.9
Invocations    | 5 6 7 8 9 |  9.5
Fighting       | 7 8 9 10 | 10.1

Action                   |  1- 3 |  4- 6 |  7- 9 | 10-12 || total
-------------------------+-------+-------+-------+-------++-------
Melee: Hand axe          |       |   163 |    47 |       ||   210
       Bite              |       |    15 |    37 |   112 ||   164
       Punch             |       |     2 |     2 |    20 ||    24
       Dagger            |       |       |   279 |   768 ||  1047
       Broad axe         |       |       |       |    21 ||    21
Throw: Throwing net      |       |       |       |     1 ||     1
Invok: Depart the Abyss  |       |     1 |       |       ||     1
       Banish            |       |       |       |     2 ||     2
Evoke: Wand              |     9 |       |       |       ||     9
  Use: Potion            |     3 |       |     2 |       ||     5
       Scroll            |       |     5 |     7 |     5 ||    17
 Stab: Sleeping          |       |     2 |       |     1 ||     3
Armor: Leather armour    |     1 |     5 |       |       ||     6
       Chain mail        |       |    70 |   272 |   515 ||   857
Dodge: Dodged            |     1 |    77 |   160 |   360 ||   598

Table legend: (Time is in decaauts)
 A = Elapsed time spent in this place.
 B = Non-inter-level travel time spent in this place.
 C = Inter-level travel time spent in this place.
 D = Time resting spent in this place.
 E = Time spent auto-exploring this place.
 F = Levels seen in this place.
 G = Mean time per level.
                   A        B        C        D        E       F      G
               +--------+--------+--------+--------+--------+-----+--------+
         Total |   9180 |   8901 |    279 |    174 |   6354 |  14 |  655.7 |
       Dungeon |   9071 |   8792 |    279 |    173 |   6305 |  11 |  824.6 |
         Abyss |    109 |    109 |      0 |      1 |     49 |   3 |   36.3 |
               +--------+--------+--------+--------+--------+-----+--------+

Top non-repeatable levels by time:
    D:10: 1800 daAuts
     D:1: 892 daAuts
     D:5: 869 daAuts
     D:8: 850 daAuts
     D:3: 814 daAuts
     D:4: 771 daAuts
     D:9: 677 daAuts
     D:7: 672 daAuts
     D:6: 607 daAuts
     D:2: 599 daAuts
    D:11: 513 daAuts
 Abyss:2: 51 daAuts
 Abyss:3: 40 daAuts
 Abyss:1: 17 daAuts
